Map: Prion Terraces

Players

Hitithard - Winner!

  • Race: Terran Terran
  • League: Silver

Hellhammer

  • Race: Terran Terran
  • League: Gold

VOD

Have the link to the VOD?

Description

Time

  • Played on: Jan. 9, 2016, 10:25 a.m.
  • Length: 2:32
Show
View Real Time Build Order
Export as new Build Order

Hitithard Terran - Winner!

Build Orders:  

Get SALT Encoding   

  12  0:01  SCV  
  13  0:13  SCV  
  14  0:20  Supply Depot  
  14  0:26  SCV  
  15  0:44  Barracks  
  15  0:49  Barracks  
  15  1:00  Barracks  
  15  1:13  Barracks  
  15  1:22  SCV  
  16  1:34  SCV  
  17  1:43  Marine x2  
  17  1:46  Orbital Command  
  19  2:02  Marine x4  
  27  2:24  Supply Depot  
Show
View Real Time Build Order
Export as new Build Order

Hellhammer Terran 

Build Orders: Reaper Expand 

Get SALT Encoding   

  12  0:01  SCV  
  13  0:13  SCV  
  14  0:17  Supply Depot  
  14  0:25  SCV  
  15  0:39  SCV  
  16  0:46  Refinery, Barracks  
  16  0:51  SCV  
  17  1:03  SCV  
  18  1:21  SCV  
  19  1:35  Reaper  
  19  1:37  Supply Depot  
  19  1:38  Orbital Command  
  20  1:47  Barracks  
  20  2:05  Command Center  
  20  2:10  Marine  
  20  2:13  SCV  
  22  2:26  Factory  
Tags
 
Add a new tag
Caveats
  • Supply blocks, unpowered buildings, or Contaminate may cause inaccurate times.
  • Supply counts are checked every 10 seconds.